[ AOE2 MATCH · #466186936 ]
UnrankedBerbers vs Persians
[ REPLAY ANALYSIS · EXTRACTED FROM THE RECORDED GAME ]
Feudal
13:30
Castle
17:15
Imperial
39:00
| APM avg | 46.7 |
| APM peak | 79 |
| eAPM avg | 24.4 |
| Villagers / military | 153 / 86 |
Focus
⚔️ 35.8% · 🌾 64.2%
Camel Archer ×84 · Fishing Ship ×14 · Unknown (2626) ×2 · Demolition Raft ×1 · Trebuchet (Packed) ×1
Feudal
13:35
Castle
16:45
Imperial
29:59
| APM avg | 41.1 |
| APM peak | 65 |
| eAPM avg | 28.6 |
| Villagers / military | 172 / 166 |
Focus
⚔️ 27.1% · 🌾 72.9%
Knight ×123 · Camel Scout ×33 · Unknown (2626) ×24 · Fishing Ship ×19 · Monk ×4 · Trebuchet (Packed) ×4
Feudal
15:00
Castle
19:45
Imperial
—
| APM avg | 46.6 |
| APM peak | 123 |
| eAPM avg | 28.0 |
| Villagers / military | 170 / 3 |
Focus
⚔️ 31.6% · 🌾 68.4%
Unknown (1949) ×26 · Fishing Ship ×15 · Monk ×3
Feudal
15:04
Castle
18:42
Imperial
35:00
| APM avg | 35.0 |
| APM peak | 55 |
| eAPM avg | 22.1 |
| Villagers / military | 110 / 33 |
Focus
⚔️ 24.7% · 🌾 75.3%
War Wagon ×25 · Fishing Ship ×15 · Battering Ram ×4 · Unknown (2626) ×3 · Iron Pagoda ×2 · Trebuchet (Packed) ×2
Feudal
13:22
Castle
17:04
Imperial
—
| APM avg | 40.7 |
| APM peak | 73 |
| eAPM avg | 24.9 |
| Villagers / military | 177 / 58 |
Focus
⚔️ 29.8% · 🌾 70.2%
Organ Gun ×55 · Fishing Ship ×11 · Monk ×2 · Battering Ram ×1
Feudal
13:00
Castle
27:44
Imperial
—
| APM avg | 28.1 |
| APM peak | 76 |
| eAPM avg | 15.3 |
| Villagers / military | 116 / 35 |
Focus
⚔️ 23.4% · 🌾 76.6%
Rattan Archer ×19 · Fire Lancer ×16 · Fishing Ship ×7
Feudal
15:16
Castle
19:11
Imperial
—
| APM avg | 37.1 |
| APM peak | 75 |
| eAPM avg | 21.7 |
| Villagers / military | 89 / 32 |
Focus
⚔️ 31.8% · 🌾 68.2%
Monk ×18 · Arambai ×13 · Fishing Ship ×7 · Petard ×1
Feudal
15:25
Castle
18:56
Imperial
34:47
| APM avg | 36.3 |
| APM peak | 63 |
| eAPM avg | 23.9 |
| Villagers / military | 182 / 53 |
Focus
⚔️ 39.1% · 🌾 60.9%
Camel Scout ×34 · Unknown (2626) ×30 · Gbeto ×17 · Fishing Ship ×14 · Trade Cart ×2 · Trebuchet (Packed) ×2
Match map
Initial resources + every placement click. Lines = walls · curves = elevation contours. ◆ gold · ⬟ stone · ● berries · ✦ relic · ◌ wall gap
Your base· Open — 13t gap
Nervkeks's base· Open — 6t gap
OS+ | shiXo.#'s base· Open — 3t gap
LM | MaisterNippon's base· Open — 13t gap
Storm's base· Open — unwalled flank
KekB_Perce1992's base· Open — 10t gap
erich_hub's base· Open — 4t gap
leogrampy's base· Open — 3t gap
Smoothed initial terrain · ◌ = detected wall gap · hover for details
Inputs per minute
— LM | Samu - - Nervkeks
Build order — LM | Samu
First 150 of 391 actions detected
| 0:18 | Build | Town Center |
| 1:20 | Build | Dock |
| 1:22 | Build | House |
| 2:39 | Create | Villager (Male) |
| 2:39 | Create | Villager (Male) |
| 2:40 | Create | Villager (Male) |
| 3:04 | Create | Villager (Male) |
| 3:37 | Create | Fishing Ship |
| 3:37 | Create | Fishing Ship |
| 4:19 | Build | House |
| 4:22 | Research | Loom |
| 4:39 | Create | Fishing Ship |
| 4:41 | Create | Villager (Male) |
| 5:20 | Create | Fishing Ship |
| 5:20 | Create | Fishing Ship |
| 5:25 | Create | Villager (Male) |
| 5:55 | Create | Fishing Ship |
| 6:12 | Create | Villager (Male) |
| 6:22 | Build | House |
| 6:37 | Create | Villager (Male) |
| 6:37 | Create | Villager (Male) |
| 6:53 | Create | Villager (Male) |
| 6:56 | Create | Fishing Ship |
| 7:16 | Create | Villager (Male) |
| 7:34 | Create | Fishing Ship |
| 7:36 | Create | Villager (Male) |
| 7:52 | Create | Fishing Ship |
| 8:05 | Build | House |
| 8:09 | Create | Villager (Male) |
| 8:21 | Create | Villager (Male) |
| 8:33 | Create | Villager (Male) |
| 8:46 | Create | Villager (Male) |
| 8:48 | Create | Fishing Ship |
| 8:55 | Create | Villager (Male) |
| 9:05 | Build | House |
| 9:47 | Create | Fishing Ship |
| 10:26 | Create | Villager (Male) |
| 10:31 | Build | Mill |
| 10:51 | Create | Villager (Male) |
| 10:53 | Create | Fishing Ship |
| 10:57 | Build | House |
| 11:20 | Research | Feudal Age |
| 11:40 | Build | Mining Camp |
| 12:22 | Build | Mining Camp |
| 12:52 | Create | Villager (Male) |
| 12:52 | Create | Villager (Male) |
| 13:06 | Build | Palisade Wall |
| 13:10 | Build | Palisade Wall |
| 13:30 | Age | Feudal Age |
| 13:35 | Build | Market |
| 13:55 | Build | Blacksmith |
| 14:35 | Research | Castle Age |
| 14:47 | Build | House |
| 15:24 | Create | Villager (Male) |
| 15:47 | Build | House |
| 15:48 | Build | Palisade Wall |
| 15:51 | Build | Palisade Wall |
| 15:54 | Build | Palisade Wall |
| 15:56 | Build | Palisade Wall |
| 16:10 | Build | Palisade Wall |
| 16:16 | Build | Palisade Wall |
| 16:25 | Build | Palisade Wall |
| 16:26 | Build | Palisade Wall |
| 16:29 | Build | Palisade Wall |
| 16:36 | Build | Palisade Wall |
| 16:38 | Build | Palisade Wall |
| 16:49 | Create | Villager (Male) |
| 17:03 | Research | Fletching |
| 17:15 | Age | Castle Age |
| 17:51 | Build | Castle |
| 17:53 | Create | Villager (Male) |
| 18:05 | Build | Palisade Wall |
| 18:07 | Create | Villager (Male) |
| 18:18 | Create | Villager (Male) |
| 18:20 | Research | Bodkin Arrow |
| 18:21 | Research | Bodkin Arrow |
| 18:40 | Build | Dock |
| 18:44 | Build | Lumber Camp |
| 18:45 | Create | Villager (Male) |
| 19:09 | Create | Camel Archer |
| 19:10 | Create | Camel Archer |
| 19:17 | Research | Double-Bit Axe |
| 19:23 | Build | Farm |
| 19:25 | Build | Farm |
| 19:32 | Create | Demolition Raft |
| 19:34 | Create | Fishing Ship |
| 19:35 | Create | Fishing Ship |
| 19:38 | Create | Camel Archer |
| 19:38 | Create | Camel Archer |
| 19:50 | Create | Villager (Male) |
| 20:16 | Create | Unit 2626 |
| 20:20 | Create | Camel Archer |
| 20:24 | Create | Villager (Male) |
| 20:35 | Create | Villager (Male) |
| 20:42 | Create | Camel Archer |
| 20:48 | Build | Farm |
| 20:50 | Build | Farm |
| 21:09 | Create | Villager (Male) |
| 21:11 | Create | Camel Archer |
| 21:21 | Create | Villager (Male) |
| 21:34 | Create | Unit 2626 |
| 21:37 | Create | Villager (Male) |
| 21:40 | Research | Bow Saw |
| 21:54 | Create | Villager (Male) |
| 21:55 | Create | Villager (Male) |
| 22:02 | Build | House |
| 22:06 | Create | Camel Archer |
| 22:23 | Create | Villager (Male) |
| 23:13 | Create | Villager (Male) |
| 23:17 | Build | Town Center |
| 23:19 | Create | Camel Archer |
| 23:20 | Create | Camel Archer |
| 23:30 | Create | Villager (Male) |
| 23:44 | Create | Villager (Male) |
| 23:47 | Research | Wheelbarrow |
| 23:50 | Research | Town Watch |
| 23:51 | Research | Horse Collar |
| 24:08 | Create | Villager (Male) |
| 24:33 | Create | Villager (Male) |
| 24:33 | Create | Villager (Male) |
| 24:45 | Create | Camel Archer |
| 24:48 | Create | Villager (Male) |
| 24:58 | Create | Camel Archer |
| 25:00 | Create | Villager (Male) |
| 25:10 | Build | Farm |
| 25:10 | Build | Farm |
| 25:11 | Build | Farm |
| 25:20 | Build | Town Center |
| 25:41 | Create | Camel Archer |
| 25:47 | Create | Villager (Male) |
| 25:47 | Create | Villager (Male) |
| 25:48 | Build | Farm |
| 25:49 | Build | Farm |
| 25:50 | Create | Villager (Male) |
| 26:03 | Create | Villager (Male) |
| 26:03 | Create | Villager (Male) |
| 26:32 | Create | Camel Archer |
| 26:33 | Create | Camel Archer |
| 26:33 | Create | Camel Archer |
| 26:34 | Create | Villager (Male) |
| 26:42 | Create | Villager (Male) |
| 26:43 | Create | Villager (Male) |
| 26:56 | Create | Villager (Male) |
| 26:56 | Create | Villager (Male) |
| 27:08 | Create | Villager (Male) |
| 27:14 | Build | Farm |
| 27:15 | Build | Farm |
| 27:16 | Build | Farm |
| 27:17 | Create | Villager (Male) |
| 27:18 | Create | Villager (Male) |
Build order — Nervkeks
First 150 of 489 actions detected
| 0:09 | Build | Town Center |
| 0:13 | Build | Dock |
| 2:32 | Create | Villager (Male) |
| 2:33 | Create | Villager (Male) |
| 2:33 | Create | Villager (Male) |
| 2:33 | Create | Villager (Male) |
| 2:35 | Create | Villager (Male) |
| 2:35 | Create | Villager (Male) |
| 2:39 | Build | House |
| 2:51 | Create | Fishing Ship |
| 3:34 | Create | Villager (Male) |
| 4:01 | Create | Fishing Ship |
| 4:18 | Build | House |
| 4:51 | Create | Villager (Male) |
| 4:58 | Create | Fishing Ship |
| 5:30 | Build | House |
| 5:36 | Create | Villager (Male) |
| 5:44 | Create | Fishing Ship |
| 6:01 | Create | Villager (Male) |
| 6:15 | Create | Villager (Male) |
| 6:26 | Build | House |
| 6:43 | Create | Villager (Male) |
| 6:46 | Create | Fishing Ship |
| 7:07 | Create | Villager (Male) |
| 7:07 | Create | Villager (Male) |
| 7:34 | Create | Fishing Ship |
| 7:37 | Create | Villager (Male) |
| 7:48 | Create | Villager (Male) |
| 8:02 | Create | Fishing Ship |
| 8:07 | Build | House |
| 8:13 | Create | Villager (Male) |
| 8:34 | Create | Fishing Ship |
| 8:36 | Create | Villager (Male) |
| 9:20 | Create | Villager (Male) |
| 9:32 | Create | Fishing Ship |
| 9:35 | Build | House |
| 9:42 | Create | Villager (Male) |
| 9:44 | Build | Dock |
| 9:48 | Create | Fishing Ship |
| 10:14 | Create | Villager (Male) |
| 10:15 | Research | Loom |
| 10:26 | Create | Fishing Ship |
| 10:48 | Build | Mining Camp |
| 10:52 | Create | Fishing Ship |
| 10:56 | Create | Villager (Male) |
| 11:05 | Build | House |
| 11:07 | Create | Fishing Ship |
| 11:17 | Build | House |
| 11:29 | Research | Feudal Age |
| 11:41 | Create | Fishing Ship |
| 11:42 | Create | Villager (Male) |
| 11:55 | Build | Mill |
| 12:14 | Create | Fishing Ship |
| 12:14 | Create | Fishing Ship |
| 13:18 | Build | House |
| 13:35 | Age | Feudal Age |
| 13:37 | Build | Market |
| 13:39 | Build | Blacksmith |
| 13:44 | Create | Villager (Male) |
| 13:48 | Create | Unit 2626 |
| 14:20 | Research | Castle Age |
| 14:28 | Build | Lumber Camp |
| 14:43 | Create | Unit 2626 |
| 14:43 | Create | Unit 2626 |
| 14:58 | Research | Double-Bit Axe |
| 15:05 | Create | Villager (Male) |
| 15:44 | Build | Dock |
| 15:48 | Research | Tech 906 |
| 16:45 | Age | Castle Age |
| 16:47 | Build | Town Center |
| 16:56 | Build | Town Center |
| 16:58 | Create | Villager (Male) |
| 17:09 | Create | Villager (Male) |
| 17:35 | Research | Gillnets |
| 17:44 | Create | Villager (Male) |
| 18:07 | Create | Villager (Male) |
| 18:09 | Create | Villager (Male) |
| 18:10 | Create | Villager (Male) |
| 18:13 | Create | Villager (Male) |
| 18:14 | Create | Villager (Male) |
| 18:16 | Create | Villager (Male) |
| 18:17 | Create | Villager (Male) |
| 18:19 | Create | Villager (Male) |
| 18:26 | Create | Villager (Male) |
| 18:29 | Build | Siege Workshop |
| 18:30 | Create | Villager (Male) |
| 18:30 | Create | Villager (Male) |
| 18:33 | Create | Villager (Male) |
| 18:33 | Create | Villager (Male) |
| 18:44 | Create | Villager (Male) |
| 18:57 | Create | Villager (Male) |
| 18:57 | Create | Villager (Male) |
| 19:06 | Create | Villager (Male) |
| 19:06 | Create | Villager (Male) |
| 19:09 | Build | Town Center |
| 19:17 | Research | Wheelbarrow |
| 19:23 | Create | Fishing Ship |
| 19:24 | Create | Fishing Ship |
| 19:26 | Create | Fishing Ship |
| 19:35 | Build | House |
| 19:39 | Build | House |
| 19:42 | Build | House |
| 19:46 | Research | Town Watch |
| 19:49 | Build | House |
| 19:49 | Build | House |
| 19:50 | Build | House |
| 20:08 | Create | Battering Ram |
| 20:08 | Create | Battering Ram |
| 20:12 | Build | House |
| 20:13 | Create | Villager (Male) |
| 20:13 | Create | Villager (Male) |
| 20:14 | Create | Villager (Male) |
| 20:15 | Create | Villager (Male) |
| 20:15 | Create | Villager (Male) |
| 20:15 | Create | Villager (Male) |
| 20:15 | Create | Villager (Male) |
| 20:16 | Create | Villager (Male) |
| 20:26 | Create | Villager (Male) |
| 20:26 | Create | Villager (Male) |
| 20:31 | Create | Villager (Male) |
| 20:45 | Research | War Galley (upgrade) |
| 20:45 | Create | Villager (Male) |
| 20:46 | Create | Villager (Male) |
| 20:48 | Build | Lumber Camp |
| 20:49 | Create | Villager (Male) |
| 20:49 | Create | Villager (Male) |
| 20:55 | Build | Mill |
| 21:02 | Build | House |
| 21:03 | Build | House |
| 21:14 | Create | Villager (Male) |
| 21:14 | Create | Villager (Male) |
| 21:21 | Create | Villager (Male) |
| 21:21 | Create | Villager (Male) |
| 21:25 | Build | House |
| 21:26 | Build | House |
| 21:38 | Build | Dock |
| 21:41 | Create | Unit 2626 |
| 21:42 | Create | Unit 2626 |
| 21:42 | Create | Unit 2626 |
| 21:45 | Create | Unit 2626 |
| 21:47 | Create | Villager (Male) |
| 21:47 | Create | Villager (Male) |
| 21:48 | Create | Villager (Male) |
| 21:48 | Create | Villager (Male) |
| 22:01 | Build | Town Center |
| 22:06 | Create | Villager (Male) |
| 22:06 | Create | Villager (Male) |
| 22:17 | Create | Villager (Male) |
| 22:17 | Create | Villager (Male) |
| 22:19 | Build | House |
Build order — OS+ | shiXo.#
First 150 of 352 actions detected
| 0:04 | Build | Town Center |
| 0:50 | Build | Dock |
| 1:13 | Build | House |
| 2:28 | Create | Villager (Male) |
| 2:28 | Create | Villager (Male) |
| 2:29 | Create | Villager (Male) |
| 2:29 | Create | Villager (Male) |
| 3:58 | Create | Villager (Male) |
| 4:16 | Create | Fishing Ship |
| 4:22 | Build | House |
| 4:41 | Create | Villager (Male) |
| 5:12 | Create | Villager (Male) |
| 5:36 | Create | Fishing Ship |
| 5:37 | Create | Villager (Male) |
| 6:00 | Create | Villager (Male) |
| 6:08 | Build | Palisade Wall |
| 6:13 | Create | Villager (Male) |
| 6:20 | Build | House |
| 6:50 | Create | Villager (Male) |
| 6:53 | Create | Fishing Ship |
| 7:08 | Create | Villager (Male) |
| 7:23 | Create | Villager (Male) |
| 7:34 | Create | Villager (Male) |
| 7:49 | Create | Villager (Male) |
| 7:55 | Create | Fishing Ship |
| 7:59 | Build | House |
| 8:06 | Research | Loom |
| 8:09 | Research | Loom |
| 8:10 | Create | Villager (Male) |
| 8:25 | Create | Villager (Male) |
| 8:25 | Create | Villager (Male) |
| 8:31 | Create | Fishing Ship |
| 8:51 | Create | Villager (Male) |
| 8:53 | Create | Villager (Male) |
| 9:03 | Create | Villager (Male) |
| 9:04 | Create | Villager (Male) |
| 9:16 | Build | Dock |
| 9:24 | Create | Villager (Male) |
| 9:33 | Build | House |
| 9:34 | Create | Fishing Ship |
| 9:45 | Create | Villager (Male) |
| 10:10 | Create | Fishing Ship |
| 10:13 | Build | Outpost |
| 10:19 | Create | Villager (Male) |
| 10:23 | Build | Palisade Wall |
| 10:32 | Build | House |
| 10:36 | Build | Palisade Wall |
| 11:03 | Create | Fishing Ship |
| 11:04 | Create | Villager (Male) |
| 11:14 | Build | House |
| 11:16 | Build | House |
| 11:19 | Build | Palisade Wall |
| 11:39 | Create | Fishing Ship |
| 11:54 | Create | Villager (Male) |
| 11:58 | Build | Lumber Camp |
| 12:07 | Build | Palisade Wall |
| 12:24 | Create | Fishing Ship |
| 12:25 | Create | Villager (Male) |
| 12:26 | Research | Feudal Age |
| 12:31 | Build | House |
| 12:45 | Build | Mill |
| 12:57 | Build | House |
| 12:58 | Build | Palisade Wall |
| 13:14 | Create | Villager (Male) |
| 13:21 | Build | Mining Camp |
| 13:49 | Build | Palisade Wall |
| 13:53 | Build | Palisade Wall |
| 13:54 | Build | Palisade Wall |
| 13:56 | Build | Palisade Wall |
| 14:05 | Build | Palisade Wall |
| 14:06 | Build | Palisade Wall |
| 14:13 | Create | Villager (Male) |
| 14:13 | Create | Villager (Male) |
| 14:32 | Create | Villager (Male) |
| 14:43 | Build | Mining Camp |
| 14:48 | Create | Fishing Ship |
| 14:51 | Create | Fishing Ship |
| 15:00 | Age | Feudal Age |
| 15:01 | Build | Blacksmith |
| 15:07 | Build | Mill |
| 15:09 | Create | Villager (Male) |
| 15:35 | Build | House |
| 16:07 | Build | Market |
| 16:09 | Create | Villager (Male) |
| 16:17 | Create | Villager (Male) |
| 16:21 | Research | Double-Bit Axe |
| 16:25 | Create | Fishing Ship |
| 16:25 | Create | Fishing Ship |
| 16:48 | Build | Dock |
| 16:58 | Research | Castle Age |
| 17:07 | Build | Outpost |
| 17:21 | Research | Horse Collar |
| 17:41 | Create | Villager (Male) |
| 18:03 | Build | House |
| 18:06 | Build | House |
| 18:21 | Build | House |
| 18:57 | Build | Watch Tower |
| 19:36 | Build | House |
| 19:45 | Age | Castle Age |
| 19:48 | Build | Castle |
| 19:58 | Build | Town Center |
| 20:00 | Research | Scale Barding Armor |
| 20:03 | Create | Villager (Male) |
| 20:09 | Create | Villager (Male) |
| 20:11 | Create | Fishing Ship |
| 20:14 | Research | Tech 906 |
| 20:33 | Create | Unit 1949 |
| 20:57 | Create | Villager (Male) |
| 21:13 | Build | Lumber Camp |
| 21:14 | Create | Unit 1949 |
| 21:39 | Create | Villager (Male) |
| 21:40 | Create | Unit 1949 |
| 21:41 | Create | Villager (Male) |
| 21:42 | Create | Villager (Male) |
| 21:42 | Create | Villager (Male) |
| 21:42 | Create | Villager (Male) |
| 21:42 | Create | Villager (Male) |
| 21:59 | Create | Unit 1949 |
| 22:10 | Create | Villager (Male) |
| 22:15 | Create | Villager (Male) |
| 22:21 | Create | Unit 1949 |
| 22:47 | Create | Villager (Male) |
| 22:48 | Create | Unit 1949 |
| 22:54 | Create | Villager (Male) |
| 22:54 | Create | Villager (Male) |
| 22:55 | Create | Villager (Male) |
| 22:57 | Build | Lumber Camp |
| 23:15 | Create | Villager (Male) |
| 23:36 | Create | Villager (Male) |
| 23:36 | Create | Villager (Male) |
| 23:37 | Create | Villager (Male) |
| 23:47 | Create | Villager (Male) |
| 23:52 | Build | Mill |
| 24:01 | Research | Town Watch |
| 24:19 | Build | Mining Camp |
| 24:26 | Build | Town Center |
| 24:46 | Create | Villager (Male) |
| 24:47 | Build | Monastery |
| 24:47 | Create | Villager (Male) |
| 24:51 | Create | Unit 1949 |
| 24:51 | Create | Unit 1949 |
| 24:52 | Create | Villager (Male) |
| 24:52 | Create | Villager (Male) |
| 25:02 | Research | Wheelbarrow |
| 25:03 | Create | Villager (Male) |
| 25:03 | Create | Villager (Male) |
| 25:13 | Build | Fish Trap |
| 25:14 | Build | Fish Trap |
| 25:15 | Build | Fish Trap |
| 25:15 | Build | Fish Trap |
Build order — LM | MaisterNippon
First 150 of 283 actions detected
| 0:03 | Build | Town Center |
| 0:21 | Build | Dock |
| 0:25 | Build | House |
| 2:24 | Create | Villager (Male) |
| 2:24 | Create | Villager (Male) |
| 2:47 | Create | Villager (Male) |
| 3:21 | Create | Fishing Ship |
| 3:39 | Create | Villager (Male) |
| 3:46 | Build | House |
| 3:51 | Create | Villager (Male) |
| 4:28 | Research | Loom |
| 4:47 | Create | Fishing Ship |
| 5:03 | Create | Villager (Male) |
| 5:33 | Create | Villager (Male) |
| 5:35 | Create | Fishing Ship |
| 5:49 | Build | House |
| 6:02 | Create | Villager (Male) |
| 6:25 | Create | Villager (Male) |
| 6:48 | Create | Villager (Male) |
| 7:01 | Create | Fishing Ship |
| 7:09 | Build | Palisade Wall |
| 7:14 | Build | House |
| 7:16 | Create | Villager (Male) |
| 7:26 | Create | Villager (Male) |
| 8:05 | Create | Villager (Male) |
| 8:14 | Build | Dock |
| 8:25 | Create | Fishing Ship |
| 8:30 | Create | Villager (Male) |
| 9:05 | Build | House |
| 9:07 | Create | Villager (Male) |
| 9:10 | Create | Fishing Ship |
| 9:32 | Build | Mining Camp |
| 9:33 | Create | Villager (Male) |
| 9:50 | Create | Villager (Male) |
| 9:54 | Create | Fishing Ship |
| 10:19 | Create | Villager (Male) |
| 10:34 | Create | Villager (Male) |
| 10:36 | Build | Mill |
| 10:38 | Build | House |
| 10:52 | Create | Fishing Ship |
| 11:00 | Create | Villager (Male) |
| 11:14 | Create | Villager (Male) |
| 11:23 | Build | Mining Camp |
| 11:33 | Create | Villager (Male) |
| 11:53 | Create | Fishing Ship |
| 12:28 | Create | Villager (Male) |
| 12:32 | Build | Lumber Camp |
| 12:45 | Build | House |
| 12:49 | Build | House |
| 12:54 | Research | Feudal Age |
| 13:44 | Build | Dock |
| 14:08 | Create | Villager (Male) |
| 14:08 | Create | Villager (Male) |
| 14:35 | Build | Palisade Wall |
| 15:04 | Age | Feudal Age |
| 15:05 | Build | Blacksmith |
| 15:07 | Build | Market |
| 16:02 | Research | Castle Age |
| 16:11 | Create | Unit 2626 |
| 16:49 | Research | Double-Bit Axe |
| 17:00 | Build | Dock |
| 17:37 | Create | Unit 2626 |
| 17:39 | Create | Villager (Male) |
| 18:03 | Create | Unit 2626 |
| 18:42 | Age | Castle Age |
| 18:45 | Build | Castle |
| 18:48 | Build | Palisade Wall |
| 18:50 | Build | Palisade Wall |
| 18:51 | Build | Palisade Wall |
| 18:53 | Build | House |
| 18:57 | Create | Villager (Male) |
| 19:09 | Create | Villager (Male) |
| 19:18 | Create | Fishing Ship |
| 19:18 | Create | Fishing Ship |
| 19:30 | Create | Villager (Male) |
| 19:36 | Build | Town Center |
| 19:43 | Research | Bow Saw |
| 19:45 | Research | Fletching |
| 19:57 | Build | Mill |
| 19:58 | Create | Villager (Male) |
| 20:22 | Create | Fishing Ship |
| 20:43 | Create | Villager (Male) |
| 21:08 | Create | Villager (Male) |
| 21:10 | Build | House |
| 21:26 | Build | Watch Tower |
| 21:30 | Build | Watch Tower |
| 21:37 | Build | Palisade Wall |
| 21:41 | Create | Villager (Male) |
| 21:46 | Research | Bodkin Arrow |
| 21:47 | Create | Villager (Male) |
| 21:57 | Create | Villager (Male) |
| 22:03 | Create | Villager (Male) |
| 22:05 | Create | Fishing Ship |
| 22:17 | Build | Lumber Camp |
| 22:19 | Create | Villager (Male) |
| 22:19 | Create | Villager (Male) |
| 22:27 | Create | Villager (Male) |
| 22:30 | Create | Villager (Male) |
| 22:47 | Build | Watch Tower |
| 22:50 | Create | Villager (Male) |
| 22:53 | Create | Villager (Male) |
| 23:01 | Create | Villager (Male) |
| 23:25 | Create | Villager (Male) |
| 23:35 | Create | Fishing Ship |
| 23:45 | Build | Town Center |
| 23:59 | Create | Villager (Male) |
| 24:09 | Build | Watch Tower |
| 24:11 | Create | Villager (Male) |
| 24:36 | Build | University |
| 24:36 | Create | Villager (Male) |
| 24:47 | Create | Villager (Male) |
| 24:53 | Create | Villager (Male) |
| 25:00 | Create | Villager (Male) |
| 25:17 | Build | Town Center |
| 25:19 | Create | Villager (Male) |
| 25:26 | Create | Villager (Male) |
| 25:35 | Create | Villager (Male) |
| 25:48 | Create | Villager (Male) |
| 26:00 | Create | Villager (Male) |
| 26:03 | Build | Lumber Camp |
| 26:04 | Create | Villager (Male) |
| 26:07 | Create | Fishing Ship |
| 26:09 | Create | Villager (Male) |
| 26:25 | Create | War Wagon |
| 26:26 | Create | Villager (Male) |
| 26:33 | Create | Villager (Male) |
| 26:41 | Build | Siege Workshop |
| 26:46 | Create | Villager (Male) |
| 26:49 | Create | War Wagon |
| 26:50 | Create | War Wagon |
| 26:51 | Create | Villager (Male) |
| 26:59 | Research | Town Watch |
| 27:05 | Research | Wheelbarrow |
| 27:06 | Create | Villager (Male) |
| 27:14 | Create | Villager (Male) |
| 27:18 | Create | War Wagon |
| 27:18 | Create | War Wagon |
| 27:22 | Create | Iron Pagoda |
| 27:25 | Create | Villager (Male) |
| 27:28 | Build | Farm |
| 27:29 | Build | Farm |
| 27:30 | Build | Farm |
| 27:36 | Create | Villager (Male) |
| 27:36 | Create | Villager (Male) |
| 27:37 | Research | Horse Collar |
| 27:45 | Build | Outpost |
| 27:46 | Create | Villager (Male) |
| 27:52 | Create | Villager (Male) |
| 27:54 | Create | War Wagon |
| 27:54 | Create | War Wagon |
Build order — Storm
First 150 of 389 actions detected
| 0:10 | Build | Town Center |
| 0:32 | Build | House |
| 1:17 | Build | Dock |
| 2:31 | Create | Villager (Male) |
| 2:31 | Create | Villager (Male) |
| 2:32 | Create | Villager (Male) |
| 2:32 | Create | Villager (Male) |
| 3:54 | Create | Fishing Ship |
| 3:59 | Create | Villager (Male) |
| 4:17 | Build | House |
| 4:33 | Research | Loom |
| 4:33 | Research | Loom |
| 4:53 | Create | Villager (Male) |
| 5:17 | Create | Villager (Male) |
| 5:24 | Create | Fishing Ship |
| 5:46 | Create | Villager (Male) |
| 5:52 | Build | House |
| 6:09 | Create | Villager (Male) |
| 6:22 | Create | Fishing Ship |
| 6:30 | Create | Villager (Male) |
| 6:55 | Create | Villager (Male) |
| 7:02 | Create | Fishing Ship |
| 7:12 | Create | Villager (Male) |
| 7:18 | Build | House |
| 7:37 | Create | Villager (Male) |
| 7:48 | Create | Fishing Ship |
| 7:53 | Build | House |
| 8:02 | Create | Villager (Male) |
| 8:02 | Create | Villager (Male) |
| 8:16 | Create | Fishing Ship |
| 8:27 | Create | Villager (Male) |
| 8:29 | Build | House |
| 8:58 | Create | Villager (Male) |
| 9:06 | Create | Villager (Male) |
| 9:07 | Create | Fishing Ship |
| 9:09 | Create | Villager (Male) |
| 9:28 | Build | House |
| 9:36 | Create | Villager (Male) |
| 9:36 | Create | Villager (Male) |
| 9:51 | Create | Fishing Ship |
| 9:56 | Build | House |
| 9:58 | Create | Villager (Male) |
| 10:33 | Build | Mill |
| 10:46 | Create | Fishing Ship |
| 10:46 | Create | Villager (Male) |
| 11:00 | Research | Feudal Age |
| 11:30 | Build | House |
| 11:46 | Create | Villager (Male) |
| 11:53 | Build | Mining Camp |
| 11:57 | Build | Lumber Camp |
| 12:01 | Create | Villager (Male) |
| 12:17 | Build | House |
| 12:21 | Build | House |
| 12:56 | Build | House |
| 13:22 | Age | Feudal Age |
| 13:24 | Build | Market |
| 13:26 | Build | Blacksmith |
| 14:18 | Build | Mining Camp |
| 14:24 | Research | Castle Age |
| 15:13 | Build | Dock |
| 15:27 | Create | Villager (Male) |
| 15:27 | Create | Villager (Male) |
| 15:31 | Research | Double-Bit Axe |
| 15:59 | Build | Outpost |
| 16:02 | Research | Town Watch |
| 16:04 | Create | Villager (Male) |
| 16:04 | Create | Villager (Male) |
| 17:04 | Age | Castle Age |
| 17:30 | Build | Castle |
| 17:58 | Create | Villager (Male) |
| 17:58 | Create | Villager (Male) |
| 18:06 | Create | Villager (Male) |
| 18:40 | Create | Villager (Male) |
| 18:41 | Create | Villager (Male) |
| 19:04 | Create | Organ Gun |
| 19:06 | Create | Villager (Male) |
| 19:07 | Create | Villager (Male) |
| 19:17 | Research | Fletching |
| 19:17 | Research | Fletching |
| 19:21 | Create | Organ Gun |
| 19:21 | Create | Organ Gun |
| 19:22 | Create | Organ Gun |
| 19:22 | Create | Organ Gun |
| 19:26 | Build | Lumber Camp |
| 19:29 | Create | Villager (Male) |
| 19:34 | Create | Villager (Male) |
| 19:56 | Build | Dock |
| 20:00 | Create | Villager (Male) |
| 20:00 | Create | Villager (Male) |
| 20:11 | Create | Villager (Male) |
| 20:15 | Create | Villager (Male) |
| 20:23 | Create | Villager (Male) |
| 20:24 | Create | Organ Gun |
| 20:26 | Build | Outpost |
| 20:27 | Build | Outpost |
| 20:29 | Create | Villager (Male) |
| 20:37 | Research | Bow Saw |
| 20:37 | Research | Bow Saw |
| 20:39 | Create | Villager (Male) |
| 21:03 | Create | Villager (Male) |
| 21:18 | Create | Villager (Male) |
| 21:29 | Create | Villager (Male) |
| 21:39 | Create | Villager (Male) |
| 21:41 | Build | House |
| 21:42 | Build | House |
| 21:44 | Create | Villager (Male) |
| 21:50 | Build | Town Center |
| 22:10 | Build | Town Center |
| 22:15 | Create | Villager (Male) |
| 22:37 | Build | Outpost |
| 22:39 | Build | Outpost |
| 22:41 | Create | Fishing Ship |
| 22:41 | Create | Fishing Ship |
| 22:43 | Create | Villager (Male) |
| 22:46 | Create | Organ Gun |
| 22:52 | Build | Monastery |
| 23:13 | Create | Villager (Male) |
| 23:14 | Create | Organ Gun |
| 23:14 | Create | Organ Gun |
| 23:15 | Create | Villager (Male) |
| 23:57 | Build | Town Center |
| 24:00 | Create | Villager (Male) |
| 24:19 | Create | Villager (Male) |
| 24:20 | Create | Villager (Male) |
| 24:20 | Create | Villager (Male) |
| 24:50 | Create | Villager (Male) |
| 24:50 | Create | Villager (Male) |
| 25:09 | Research | Horse Collar |
| 25:11 | Build | Farm |
| 25:12 | Build | Farm |
| 25:12 | Build | Farm |
| 25:12 | Build | Farm |
| 25:16 | Create | Villager (Male) |
| 25:17 | Create | Villager (Male) |
| 25:19 | Create | Organ Gun |
| 25:20 | Create | Villager (Male) |
| 25:39 | Create | Organ Gun |
| 25:41 | Create | Villager (Male) |
| 25:48 | Create | Monk |
| 25:58 | Create | Villager (Male) |
| 26:01 | Create | Organ Gun |
| 26:07 | Build | House |
| 26:09 | Build | House |
| 26:10 | Build | House |
| 26:17 | Create | Villager (Male) |
| 26:17 | Create | Villager (Male) |
| 26:35 | Create | Villager (Male) |
| 26:51 | Build | Farm |
| 26:52 | Build | Farm |
| 26:53 | Build | Farm |
Build order — KekB_Perce1992
First 150 of 279 actions detected
| 0:27 | Build | Town Center |
| 2:09 | Build | Dock |
| 2:10 | Build | House |
| 2:37 | Create | Villager (Male) ×4 |
| 4:08 | Create | Villager (Male) |
| 4:18 | Create | Fishing Ship |
| 4:19 | Create | Fishing Ship |
| 4:41 | Create | Villager (Male) |
| 4:46 | Build | House |
| 4:49 | Research | Loom |
| 5:34 | Create | Fishing Ship |
| 5:37 | Create | Villager (Male) |
| 6:07 | Create | Villager (Male) |
| 6:11 | Build | House |
| 6:17 | Create | Fishing Ship |
| 6:36 | Create | Villager (Male) |
| 7:04 | Create | Villager (Male) |
| 7:22 | Build | Mill |
| 7:37 | Create | Villager (Male) |
| 7:53 | Create | Fishing Ship |
| 8:02 | Create | Fishing Ship |
| 8:17 | Create | Villager (Male) |
| 8:23 | Build | House |
| 8:36 | Create | Villager (Male) |
| 9:29 | Build | Mining Camp |
| 9:47 | Build | House |
| 9:52 | Build | House |
| 10:50 | Research | Feudal Age |
| 11:29 | Create | Fishing Ship |
| 12:34 | Create | Villager (Male) |
| 12:34 | Create | Villager (Male) |
| 13:00 | Age | Feudal Age |
| 13:04 | Build | Watch Tower |
| 13:26 | Research | Stone Mining |
| 13:28 | Create | Villager (Male) |
| 13:33 | Build | House |
| 13:35 | Build | House |
| 13:56 | Build | Watch Tower |
| 14:08 | Create | Villager (Male) |
| 14:24 | Create | Villager (Male) |
| 14:44 | Create | Villager (Male) |
| 15:47 | Create | Villager (Male) |
| 15:47 | Create | Villager (Male) |
| 16:15 | Build | Lumber Camp |
| 16:16 | Create | Villager (Male) |
| 16:34 | Build | Watch Tower |
| 16:51 | Build | Watch Tower |
| 16:53 | Create | Villager (Male) |
| 16:58 | Build | Blacksmith |
| 17:14 | Create | Villager (Male) |
| 17:36 | Create | Villager (Male) |
| 17:42 | Research | Fletching |
| 18:05 | Create | Villager (Male) |
| 18:22 | Build | Watch Tower |
| 18:29 | Create | Villager (Male) |
| 18:43 | Build | Watch Tower |
| 18:44 | Create | Villager (Male) |
| 18:47 | Build | House |
| 18:48 | Build | House |
| 19:14 | Build | Mill |
| 19:33 | Create | Villager (Male) |
| 20:26 | Build | Lumber Camp |
| 20:28 | Create | Villager (Male) |
| 20:30 | Research | Double-Bit Axe |
| 20:38 | Build | Farm |
| 20:38 | Build | Farm |
| 20:41 | Build | Farm |
| 20:45 | Create | Villager (Male) |
| 20:51 | Build | Farm |
| 21:08 | Create | Villager (Male) |
| 21:44 | Create | Villager (Male) |
| 21:44 | Create | Villager (Male) |
| 22:03 | Build | Market |
| 22:07 | Create | Villager (Male) |
| 22:10 | Build | Farm |
| 22:12 | Build | Farm |
| 22:20 | Build | House |
| 22:34 | Create | Villager (Male) |
| 22:49 | Create | Villager (Male) |
| 22:54 | Build | Mining Camp |
| 22:56 | Create | Villager (Male) |
| 22:59 | Build | Farm |
| 22:59 | Build | Farm |
| 22:59 | Build | Farm |
| 23:02 | Build | House |
| 23:05 | Create | Villager (Male) |
| 23:24 | Build | House |
| 23:28 | Create | Villager (Male) |
| 23:44 | Build | House |
| 23:48 | Create | Villager (Male) |
| 23:51 | Build | Mining Camp |
| 24:00 | Build | Palisade Wall |
| 24:04 | Create | Villager (Male) |
| 24:16 | Build | House |
| 24:59 | Build | Lumber Camp |
| 25:00 | Research | Castle Age |
| 25:09 | Build | House |
| 25:10 | Build | House |
| 25:16 | Research | Horse Collar |
| 25:54 | Research | Gold Mining |
| 26:23 | Build | House |
| 26:25 | Build | House |
| 26:57 | Build | Barracks |
| 26:57 | Build | Barracks |
| 27:02 | Research | Scale Mail Armor |
| 27:44 | Age | Castle Age |
| 28:00 | Build | Castle |
| 28:02 | Create | Villager (Male) |
| 28:03 | Create | Villager (Male) |
| 28:05 | Create | Fire Lancer |
| 28:05 | Create | Fire Lancer |
| 28:06 | Create | Fire Lancer |
| 28:10 | Create | Fire Lancer |
| 28:11 | Research | Chain Mail Armor |
| 28:13 | Create | Villager (Male) |
| 28:27 | Build | Town Center |
| 28:29 | Create | Villager (Male) |
| 28:49 | Create | Fire Lancer |
| 28:49 | Create | Fire Lancer |
| 28:51 | Create | Villager (Male) |
| 28:54 | Build | House |
| 28:54 | Build | House |
| 29:08 | Create | Fire Lancer |
| 29:13 | Build | House |
| 29:27 | Create | Villager (Male) |
| 29:27 | Create | Villager (Male) |
| 29:29 | Create | Villager (Male) |
| 29:33 | Build | House |
| 29:34 | Build | House |
| 29:38 | Create | Villager (Male) |
| 29:47 | Build | Town Center |
| 30:03 | Create | Villager (Male) |
| 30:09 | Research | Bow Saw |
| 30:20 | Create | Villager (Male) |
| 30:28 | Create | Fire Lancer |
| 30:28 | Create | Fire Lancer |
| 30:31 | Build | Barracks |
| 30:34 | Create | Villager (Male) |
| 30:53 | Create | Villager (Male) |
| 31:06 | Create | Villager (Male) |
| 31:07 | Create | Villager (Male) |
| 31:14 | Build | Farm |
| 31:17 | Build | Farm |
| 31:33 | Build | Barracks |
| 31:35 | Create | Villager (Male) |
| 31:40 | Build | Farm |
| 31:40 | Build | Farm |
| 31:42 | Build | Farm |
| 31:43 | Create | Villager (Male) |
| 32:10 | Create | Villager (Male) |
Build order — erich_hub
First 150 of 212 actions detected
| 0:10 | Build | Town Center |
| 1:05 | Build | Dock |
| 1:41 | Build | House |
| 2:31 | Create | Villager (Male) |
| 2:31 | Create | Villager (Male) |
| 2:31 | Create | Villager (Male) |
| 2:31 | Create | Villager (Male) |
| 3:55 | Create | Fishing Ship |
| 4:09 | Create | Villager (Male) |
| 4:10 | Create | Villager (Male) |
| 4:25 | Build | House |
| 4:37 | Create | Villager (Male) |
| 5:06 | Research | Loom |
| 5:25 | Create | Fishing Ship |
| 5:27 | Create | Villager (Male) |
| 5:54 | Create | Villager (Male) |
| 5:54 | Create | Villager (Male) |
| 6:12 | Build | House |
| 6:17 | Create | Villager (Male) |
| 6:22 | Create | Fishing Ship |
| 6:54 | Create | Villager (Male) |
| 6:54 | Create | Villager (Male) |
| 6:54 | Create | Villager (Male) |
| 7:16 | Create | Fishing Ship |
| 7:38 | Create | Villager (Male) |
| 7:46 | Create | Fishing Ship |
| 7:46 | Create | Villager (Male) |
| 8:07 | Build | House |
| 8:28 | Create | Villager (Male) |
| 8:39 | Create | Villager (Male) |
| 8:43 | Create | Fishing Ship |
| 9:07 | Create | Villager (Male) |
| 9:08 | Create | Fishing Ship |
| 9:17 | Create | Villager (Male) |
| 9:26 | Build | House |
| 10:01 | Build | Mill |
| 10:10 | Build | Palisade Wall |
| 10:18 | Create | Villager (Male) |
| 10:47 | Create | Villager (Male) |
| 11:19 | Create | Villager (Male) |
| 11:22 | Create | Villager (Male) |
| 11:44 | Build | Dock |
| 11:45 | Create | Villager (Male) |
| 11:48 | Research | Feudal Age |
| 11:56 | Build | House |
| 11:58 | Create | Villager (Male) |
| 12:12 | Create | Villager (Male) |
| 12:19 | Build | Mining Camp |
| 12:24 | Build | Mill |
| 12:43 | Create | Villager (Male) |
| 12:47 | Research | Feudal Age |
| 12:57 | Build | Mining Camp |
| 13:29 | Build | Palisade Wall |
| 13:30 | Build | Palisade Wall |
| 13:44 | Create | Villager (Male) |
| 13:56 | Build | Palisade Wall |
| 14:00 | Build | Palisade Wall |
| 14:03 | Create | Villager (Male) |
| 14:17 | Create | Villager (Male) |
| 14:41 | Create | Villager (Male) |
| 14:52 | Create | Villager (Male) |
| 15:12 | Create | Villager (Male) |
| 15:16 | Age | Feudal Age |
| 15:29 | Build | Market |
| 15:32 | Build | Blacksmith |
| 15:50 | Build | Mining Camp |
| 16:23 | Research | Castle Age |
| 16:51 | Build | Palisade Wall |
| 16:52 | Build | Palisade Wall |
| 16:57 | Create | Villager (Male) |
| 17:09 | Build | Lumber Camp |
| 17:20 | Build | Palisade Wall |
| 17:35 | Build | House |
| 17:50 | Build | Watch Tower |
| 19:11 | Age | Castle Age |
| 19:56 | Create | Villager (Male) |
| 20:33 | Build | Castle |
| 20:56 | Build | Castle |
| 21:03 | Research | Fletching |
| 21:33 | Build | Town Center |
| 22:10 | Create | Villager (Male) |
| 22:11 | Create | Villager (Male) |
| 22:41 | Create | Villager (Male) |
| 22:44 | Build | Mining Camp |
| 23:13 | Create | Arambai |
| 23:19 | Create | Villager (Male) |
| 23:30 | Build | House |
| 23:31 | Create | Villager (Male) |
| 23:55 | Create | Arambai |
| 24:07 | Create | Arambai |
| 24:14 | Create | Petard |
| 24:20 | Create | Villager (Male) |
| 24:21 | Create | Villager (Male) |
| 24:22 | Build | House |
| 24:25 | Build | Lumber Camp |
| 24:36 | Create | Arambai |
| 24:53 | Build | Mining Camp |
| 24:59 | Create | Villager (Male) |
| 25:06 | Create | Arambai |
| 25:22 | Create | Villager (Male) |
| 25:25 | Create | Villager (Male) |
| 25:38 | Research | Horse Collar |
| 25:44 | Create | Villager (Male) |
| 25:48 | Build | Farm |
| 25:50 | Build | Farm |
| 25:52 | Build | Farm |
| 25:52 | Create | Villager (Male) |
| 26:02 | Create | Arambai |
| 26:02 | Create | Arambai |
| 26:07 | Build | Outpost |
| 26:10 | Research | Town Watch |
| 26:11 | Create | Villager (Male) |
| 26:44 | Create | Villager (Male) |
| 27:18 | Build | Town Center |
| 27:20 | Create | Villager (Male) |
| 27:34 | Create | Villager (Male) |
| 27:36 | Create | Villager (Male) |
| 27:37 | Create | Villager (Male) |
| 27:40 | Create | Arambai |
| 27:40 | Create | Arambai |
| 27:44 | Build | Farm |
| 27:46 | Build | Farm |
| 28:08 | Create | Villager (Male) |
| 28:08 | Create | Villager (Male) |
| 28:32 | Build | Farm |
| 28:33 | Build | Farm |
| 28:33 | Create | Villager (Male) |
| 28:59 | Create | Villager (Male) |
| 29:11 | Build | Castle |
| 29:26 | Create | Villager (Male) |
| 29:42 | Build | House |
| 30:31 | Create | Villager (Male) |
| 30:31 | Create | Villager (Male) |
| 30:31 | Create | Villager (Male) |
| 30:52 | Create | Villager (Male) |
| 30:53 | Create | Arambai |
| 31:04 | Build | Town Center |
| 31:05 | Create | Villager (Male) |
| 31:09 | Create | Arambai |
| 31:44 | Create | Villager (Male) |
| 31:50 | Create | Arambai |
| 32:09 | Create | Arambai |
| 32:12 | Create | Villager (Male) |
| 32:16 | Build | Farm |
| 32:17 | Build | Farm |
| 32:18 | Create | Villager (Male) |
| 32:21 | Create | Villager (Male) |
| 32:37 | Create | Villager (Male) |
| 32:38 | Create | Villager (Male) |
| 32:53 | Create | Villager (Male) |
Build order — leogrampy
First 150 of 408 actions detected
| 0:20 | Build | Town Center |
| 1:32 | Build | Dock |
| 2:13 | Build | House |
| 2:16 | Build | Palisade Wall |
| 3:48 | Create | Villager (Male) |
| 3:49 | Create | Villager (Male) |
| 3:49 | Create | Villager (Male) |
| 3:49 | Create | Villager (Male) |
| 4:35 | Create | Fishing Ship |
| 4:36 | Create | Fishing Ship |
| 5:03 | Create | Villager (Male) |
| 5:08 | Build | House |
| 5:35 | Research | Loom |
| 5:59 | Create | Fishing Ship |
| 6:16 | Create | Fishing Ship |
| 6:16 | Create | Fishing Ship |
| 6:22 | Create | Villager (Male) |
| 7:00 | Create | Fishing Ship |
| 7:11 | Create | Villager (Male) |
| 7:27 | Build | House |
| 7:43 | Create | Villager (Male) |
| 8:06 | Create | Fishing Ship |
| 8:08 | Create | Villager (Male) |
| 8:08 | Create | Villager (Male) |
| 8:29 | Create | Villager (Male) |
| 8:48 | Create | Villager (Male) |
| 8:50 | Create | Fishing Ship |
| 8:55 | Build | House |
| 9:14 | Create | Villager (Male) |
| 9:30 | Create | Fishing Ship |
| 9:31 | Create | Villager (Male) |
| 9:31 | Create | Villager (Male) |
| 9:32 | Create | Villager (Male) |
| 9:37 | Create | Villager (Male) |
| 9:37 | Create | Villager (Male) |
| 10:19 | Create | Villager (Male) |
| 10:30 | Create | Villager (Male) |
| 10:33 | Create | Fishing Ship |
| 10:33 | Create | Fishing Ship |
| 10:36 | Create | Fishing Ship |
| 10:36 | Create | Fishing Ship |
| 10:40 | Build | House |
| 10:45 | Build | House |
| 11:03 | Create | Villager (Male) |
| 11:22 | Build | Mill |
| 11:27 | Build | House |
| 11:55 | Create | Fishing Ship |
| 12:29 | Create | Villager (Male) |
| 12:48 | Research | Feudal Age |
| 12:48 | Research | Feudal Age |
| 12:59 | Build | Mining Camp |
| 13:49 | Build | Dock |
| 14:15 | Create | Villager (Male) |
| 15:08 | Create | Villager (Male) |
| 15:25 | Age | Feudal Age |
| 15:27 | Build | Market |
| 15:29 | Build | Blacksmith |
| 16:16 | Research | Castle Age |
| 16:16 | Research | Castle Age |
| 16:17 | Research | Castle Age |
| 16:33 | Build | Lumber Camp |
| 16:39 | Research | Gold Mining |
| 17:14 | Create | Unit 2626 ×2 |
| 17:14 | Create | Unit 2626 ×2 |
| 17:27 | Create | Unit 2626 |
| 17:27 | Create | Unit 2626 |
| 17:39 | Research | Stone Mining |
| 17:42 | Create | Unit 2626 |
| 17:42 | Create | Unit 2626 |
| 18:02 | Build | House |
| 18:11 | Create | Unit 2626 |
| 18:12 | Create | Villager (Male) |
| 18:21 | Create | Villager (Male) |
| 18:23 | Build | House |
| 18:44 | Create | Unit 2626 |
| 18:44 | Create | Unit 2626 |
| 18:45 | Create | Villager (Male) |
| 18:49 | Create | Villager (Male) |
| 18:53 | Create | Villager (Male) |
| 18:56 | Age | Castle Age |
| 19:00 | Research | Tech 905 |
| 19:00 | Research | Tech 905 |
| 19:14 | Research | War Galley (upgrade) |
| 19:14 | Research | War Galley (upgrade) |
| 19:21 | Create | Villager (Male) |
| 19:31 | Create | Villager (Male) |
| 19:39 | Create | Unit 2626 |
| 19:39 | Create | Unit 2626 |
| 19:41 | Create | Villager (Male) |
| 19:54 | Build | Castle |
| 19:58 | Create | Villager (Male) |
| 20:12 | Create | Unit 2626 |
| 20:13 | Create | Unit 2626 |
| 20:13 | Create | Villager (Male) |
| 20:20 | Create | Villager (Male) |
| 20:23 | Research | Double-Bit Axe |
| 20:24 | Research | Double-Bit Axe |
| 20:24 | Create | Villager (Male) |
| 20:37 | Create | Villager (Male) |
| 20:49 | Create | Villager (Male) |
| 21:00 | Create | Villager (Male) |
| 21:10 | Create | Villager (Male) |
| 21:17 | Create | Villager (Male) |
| 21:31 | Research | Tech 906 |
| 21:31 | Research | Tech 906 |
| 21:32 | Create | Villager (Male) |
| 21:54 | Create | Gbeto |
| 21:55 | Create | Gbeto |
| 21:55 | Create | Gbeto |
| 21:55 | Create | Gbeto |
| 21:55 | Create | Gbeto |
| 22:02 | Research | Scale Mail Armor |
| 22:02 | Research | Scale Mail Armor |
| 22:02 | Research | Scale Mail Armor |
| 22:06 | Build | Town Center |
| 22:19 | Research | Bow Saw |
| 22:19 | Research | Bow Saw |
| 22:54 | Build | House |
| 22:54 | Build | House |
| 22:55 | Build | House |
| 22:57 | Create | Gbeto |
| 22:57 | Create | Gbeto |
| 23:11 | Create | Villager (Male) |
| 23:17 | Create | Villager (Male) |
| 23:26 | Build | Barracks |
| 23:27 | Create | Villager (Male) |
| 23:30 | Create | Villager (Male) |
| 23:58 | Create | Villager (Male) |
| 24:15 | Create | Villager (Male) |
| 24:17 | Create | Villager (Male) |
| 24:19 | Create | Gbeto |
| 24:19 | Create | Gbeto |
| 24:20 | Create | Gbeto |
| 24:53 | Create | Villager (Male) |
| 24:56 | Research | Squires |
| 24:56 | Research | Squires |
| 25:01 | Create | Villager (Male) |
| 25:03 | Create | Villager (Male) |
| 25:09 | Build | Town Center |
| 25:28 | Create | Villager (Male) |
| 25:30 | Build | Farm |
| 25:50 | Create | Villager (Male) |
| 25:51 | Create | Villager (Male) |
| 25:52 | Create | Villager (Male) |
| 25:55 | Build | Farm |
| 25:55 | Build | Farm |
| 25:55 | Build | Farm |
| 25:56 | Build | Farm |
| 25:56 | Build | Farm |
| 25:56 | Build | Farm |
Match timeline
| 0:13 | Nervkeks · first_building Dock |
| 0:21 | LM | MaisterNippon · first_building Dock |
| 0:50 | OS+ | shiXo.# · first_building Dock |
| 1:05 | erich_hub · first_building Dock |
| 1:17 | Storm · first_building Dock |
| 1:20 | LM | Samu · first_building Dock |
| 1:32 | leogrampy · first_building Dock |
| 2:09 | KekB_Perce1992 · first_building Dock |
| 2:16 | leogrampy · wall_segment Palisade Wall x1 |
| 6:08 | OS+ | shiXo.# · wall_segment Palisade Wall x1 |
| 7:09 | LM | MaisterNippon · wall_segment Palisade Wall x1 |
| 10:10 | erich_hub · wall_segment Palisade Wall x9 |
| 10:23 | OS+ | shiXo.# · wall_segment Palisade Wall x8 |
| 10:36 | OS+ | shiXo.# · wall_segment Palisade Wall x2 |
| 11:19 | OS+ | shiXo.# · wall_segment Palisade Wall x5 |
| 12:07 | OS+ | shiXo.# · wall_segment Palisade Wall x2 |
| 12:58 | OS+ | shiXo.# · wall_segment Palisade Wall x7 |
| 13:00 | KekB_Perce1992 · age_up feudal |
| 13:06 | LM | Samu · wall_segment Palisade Wall x1 |
| 13:10 | LM | Samu · wall_segment Palisade Wall x1 |
| 13:22 | Storm · age_up feudal |
| 13:29 | erich_hub · wall_segment Palisade Wall x1 |
| 13:30 | erich_hub · wall_segment Palisade Wall x1 |
| 13:30 | LM | Samu · age_up feudal |
| 13:35 | Nervkeks · age_up feudal |
| 13:49 | OS+ | shiXo.# · wall_segment Palisade Wall x6 |
| 13:53 | OS+ | shiXo.# · wall_segment Palisade Wall x2 |
| 13:54 | OS+ | shiXo.# · wall_segment Palisade Wall x1 |
| 13:56 | OS+ | shiXo.# · wall_segment Palisade Wall x1 |
| 13:56 | erich_hub · wall_segment Palisade Wall x1 |
| 14:00 | erich_hub · wall_segment Palisade Wall x4 |
| 14:05 | OS+ | shiXo.# · wall_segment Palisade Wall x1 |
| 14:06 | OS+ | shiXo.# · wall_segment Palisade Wall x1 |
| 14:35 | LM | MaisterNippon · wall_segment Palisade Wall x6 |
| 15:00 | OS+ | shiXo.# · age_up feudal |
| 15:04 | LM | MaisterNippon · age_up feudal |
| 15:16 | erich_hub · age_up feudal |
| 15:25 | leogrampy · age_up feudal |
| 15:48 | LM | Samu · wall_segment Palisade Wall x1 |
| 15:51 | LM | Samu · wall_segment Palisade Wall x1 |
| 15:54 | LM | Samu · wall_segment Palisade Wall x1 |
| 15:56 | LM | Samu · wall_segment Palisade Wall x1 |
| 16:10 | LM | Samu · wall_segment Palisade Wall x1 |
| 16:16 | LM | Samu · wall_segment Palisade Wall x1 |
| 16:25 | LM | Samu · wall_segment Palisade Wall x1 |
| 16:26 | LM | Samu · wall_segment Palisade Wall x1 |
| 16:29 | LM | Samu · wall_segment Palisade Wall x1 |
| 16:35 | Storm · first_market_buy 100 stone |
| 16:36 | LM | Samu · wall_segment Palisade Wall x1 |
| 16:38 | LM | Samu · wall_segment Palisade Wall x1 |
| 16:45 | Nervkeks · age_up castle |
| 16:50 | Nervkeks · first_market_sell 100 food |
| 16:50 | Nervkeks · first_market_buy 100 wood |
| 16:51 | erich_hub · wall_segment Palisade Wall x1 |
| 16:52 | erich_hub · wall_segment Palisade Wall x1 |
| 17:04 | Storm · age_up castle |
| 17:15 | LM | Samu · age_up castle |
| 17:20 | erich_hub · wall_segment Palisade Wall x7 |
| 17:30 | Storm · first_building Castle |
| 17:51 | LM | Samu · first_building Castle |
| 18:05 | LM | Samu · wall_segment Palisade Wall x1 |
| 18:29 | Nervkeks · first_building Siege Workshop |
| 18:42 | LM | MaisterNippon · age_up castle |
| 18:45 | LM | MaisterNippon · first_building Castle |
| 18:48 | LM | MaisterNippon · wall_segment Palisade Wall x1 |
| 18:50 | LM | MaisterNippon · wall_segment Palisade Wall x1 |
| 18:51 | LM | MaisterNippon · wall_segment Palisade Wall x1 |
| 18:56 | leogrampy · age_up castle |
| 19:11 | leogrampy · first_market_sell 100 food |
| 19:11 | erich_hub · age_up castle |
| 19:12 | leogrampy · first_market_buy 100 wood |
| 19:17 | erich_hub · first_market_sell 100 food |
| 19:18 | erich_hub · first_market_buy 100 stone |
| 19:19 | Storm · first_market_sell 100 food |
| 19:42 | LM | MaisterNippon · first_market_buy 100 wood |
| 19:45 | OS+ | shiXo.# · age_up castle |
| 19:48 | OS+ | shiXo.# · first_building Castle |
| 19:54 | leogrampy · first_building Castle |
| 19:54 | OS+ | shiXo.# · first_market_sell 100 food |
| 19:55 | OS+ | shiXo.# · first_market_buy 100 stone |
| 20:33 | erich_hub · first_building Castle |
| 21:37 | LM | MaisterNippon · wall_segment Palisade Wall x10 |
| 22:31 | Nervkeks · first_building Monastery |
| 22:52 | Storm · first_building Monastery |
| 22:55 | LM | Samu · first_market_buy 100 wood |
| 23:26 | leogrampy · first_building Barracks |
| 24:00 | KekB_Perce1992 · wall_segment Palisade Wall x8 |
| 24:45 | KekB_Perce1992 · first_market_sell 500 stone |
| 24:47 | OS+ | shiXo.# · first_building Monastery |
| 24:49 | KekB_Perce1992 · first_market_buy 100 food |
| 26:10 | Nervkeks · wall_segment Stone Wall x1 |
| 26:14 | Nervkeks · wall_segment Stone Wall x1 |
| 26:16 | Nervkeks · wall_segment Stone Wall x1 |
| 26:31 | LM | Samu · first_market_sell 100 stone |
| 26:36 | LM | MaisterNippon · first_market_sell 100 food |
| 26:41 | LM | MaisterNippon · first_building Siege Workshop |
| 26:57 | KekB_Perce1992 · first_building Barracks |
| 27:07 | Nervkeks · wall_segment Stone Wall x1 |
| 27:19 | Nervkeks · first_building Barracks |
| 27:39 | Nervkeks · wall_segment Stone Wall x1 |
| 27:40 | Nervkeks · wall_segment Stone Wall x1 |
| 27:42 | Nervkeks · wall_segment Stone Wall x1 |
| 27:44 | KekB_Perce1992 · age_up castle |
| 28:00 | KekB_Perce1992 · first_building Castle |
| 28:13 | Nervkeks · first_building Stable |
| 29:57 | Storm · wall_segment Stone Wall x9 |
| 29:59 | Nervkeks · age_up imperial |
| 30:04 | Nervkeks · first_building Castle |
| 30:24 | Storm · wall_segment Stone Wall x6 |
| 30:28 | leogrampy · first_building Stable |
| 31:59 | LM | MaisterNippon · wall_segment Stone Wall x1 |
| 32:02 | LM | MaisterNippon · wall_segment Stone Wall x1 |
| 33:52 | erich_hub · wall_segment Palisade Wall x1 |
| 34:13 | Storm · first_building Siege Workshop |
| 34:25 | Storm · wall_segment Stone Wall x6 |
| 34:32 | KekB_Perce1992 · first_building Archery Range |
| 34:47 | leogrampy · age_up imperial |
| 34:50 | LM | Samu · wall_segment Palisade Wall x1 |
| 34:51 | LM | Samu · wall_segment Palisade Wall x1 |
| 34:54 | LM | Samu · wall_segment Palisade Wall x1 |
| 35:00 | LM | MaisterNippon · age_up imperial |
| 35:10 | erich_hub · first_building Monastery |
| 36:16 | Storm · wall_segment Stone Wall x5 |
| 36:43 | LM | Samu · first_building Barracks |
| 39:00 | LM | Samu · age_up imperial |
| 39:50 | LM | Samu · first_building Stable |
| 40:28 | LM | MaisterNippon · first_building Barracks |
| 40:35 | LM | MaisterNippon · wall_segment Stone Wall x1 |
| 40:36 | LM | MaisterNippon · wall_segment Stone Wall x1 |
| 40:37 | LM | MaisterNippon · wall_segment Stone Wall x1 |
| 40:38 | LM | MaisterNippon · wall_segment Stone Wall x1 |
| 40:40 | LM | MaisterNippon · wall_segment Stone Wall x1 |
| 40:41 | LM | MaisterNippon · wall_segment Stone Wall x1 |
| 40:42 | LM | MaisterNippon · wall_segment Stone Wall x1 |
| 40:47 | LM | MaisterNippon · wall_segment Stone Wall x1 |
| 40:50 | LM | MaisterNippon · wall_segment Stone Wall x1 |
| 40:53 | LM | MaisterNippon · wall_segment Stone Wall x1 |
| 40:53 | LM | MaisterNippon · wall_segment Stone Wall x1 |
| 41:12 | OS+ | shiXo.# · resign |
[ AI ANALYSIS · 1 CREDIT ]
What really happened in this match?
Wolo.gg analyzes every decision: build order, eco, micro, common mistakes by bracket. Personalized analysis on WhatsApp or Discord in 30 seconds.
Civ guide
Berbers
Perfil
LM | Samu